Map: Terraform LE (Void)

Players

BIGBOY (Patience) - Winner!

  • Race: Protoss Protoss
  • League: Master

Pure

  • Race: Protoss Protoss
  • League: Diamond

Event: ASL Season 5 Prime League LOTV Beta

VOD

Have the link to the VOD?

Description

Time

  • Played on: Sept. 16, 2015, 10:13 p.m.
  • Length: 9:02

All games in this series

Show
View Real Time Build Order
Export as new Build Order

BIGBOY Protoss - Winner!

Build Orders: 1 Gate Expand 

Get SALT Encoding   

  12  0:00  Probe (Chrono Boost)  
  13  0:10  Probe (Chrono Boost)  
  14  0:18  Pylon  
  14  0:22  Probe (Chrono Boost)  
  15  0:36  Probe (Chrono Boost)  
  15  0:37  Gateway  
  16  0:46  Probe (Chrono Boost)  
  16  0:47  Assimilator  
  17  0:56  Probe (Chrono Boost)  
  18  1:06  Probe (Chrono Boost)  
  19  1:16  Probe (Chrono Boost)  
  20  1:21  Nexus  
  20  1:26  Probe (Chrono Boost)  
  21  1:35  Pylon  
  21  1:36  Probe (Chrono Boost)  
  22  1:44  Cybernetics Core  
  22  1:47  Probe (Chrono Boost)  
  22  1:52  Assimilator  
  23  1:57  Probe (Chrono Boost)  
  24  2:07  Probe (Chrono Boost)  
  25  2:17  Probe (Chrono Boost)  
  25  2:22  Adept  
  28  2:23  Warp Gate  
  28  2:28  Mothership Core (Chrono Boost)  
  30  2:35  Probe (Chrono Boost)  
  31  2:43  Pylon  
  31  2:45  Probe x2 (Chrono Boost)  
  31  2:50  Sentry  
  31  2:51  Forge  
  35  2:55  Probe x2 (Chrono Boost)  
  37  3:05  Probe (Chrono Boost)  
  38  3:06  Probe (Chrono Boost)  
  38  3:09  Pylon  
  39  3:15  Probe (Chrono Boost)  
  39  3:16  Probe (Chrono Boost)  
  43  3:20  Stalker  
  43  3:22  Protoss Ground Weapons Level 1 (Chrono Boost)  
  43  3:25  Probe (Chrono Boost)  
  43  3:26  Probe (Chrono Boost)  
  45  3:28  Photon Cannon  
  45  3:35  Probe (Chrono Boost)  
  45  3:36  Probe (Chrono Boost)  
  47  3:42  Assimilator  
  47  3:45  Probe (Chrono Boost)  
  47  3:46  Probe (Chrono Boost), Assimilator  
  49  3:57  Probe (Chrono Boost)  
  49  3:58  Probe (Chrono Boost)  
  49  4:07  Probe (Chrono Boost)  
  49  4:08  Probe (Chrono Boost)  
  51  4:17  Probe (Chrono Boost)  
  51  4:18  Probe (Chrono Boost)  
  53  4:24  Twilight Council  
  53  4:28  Robotics Facility  
  53  4:29  Probe  
  53  4:30  Probe  
  54  4:31  Gateway  
  54  4:32  Gateway  
  54  4:34  Gateway  
  54  4:37  Pylon  
  55  4:39  Nexus  
  55  4:41  Probe x2  
  57  4:50  Protoss Ground Weapons Level 2 (Chrono Boost)  
  57  4:51  Probe  
  55  4:53  Probe  
  55  4:59  Sentry, Pylon  
  59  5:03  Probe  
  59  5:05  Probe  
  61  5:15  Probe  
  61  5:17  Observer (Chrono Boost)  
  61  5:18  Robotics Bay  
  61  5:19  Pylon  
  63  5:27  Gateway x2  
  63  5:30  Gateway  
  63  5:31  Gateway  
  63  5:33  Sentry x2  
  63  5:34  Pylon  
  67  5:38  Pylon  
  67  5:42  Pylon  
  67  5:43  Probe x2  
  67  5:47  Warp Prism (Chrono Boost)  
  71  5:50  Shield Upgrade  
  71  5:52  Probe  
  71  5:55  Probe  
  73  6:03  Adept x2  
  73  6:04  Adept x2  
  79  6:08  Gravitic Drive  
  81  6:16  Disruptor (Chrono Boost), Photon Cannon  
  81  6:18  Probe  
  84  6:19  Probe x2  
  84  6:25  Pylon  
  87  6:30  Adept x3  
  93  6:34  Photon Cannon  
  93  6:39  Probe  
  93  6:40  Probe x2  
  93  6:43  Assimilator  
  93  6:45  Assimilator  
  96  6:55  Stalker, Pylon x2  
  96  6:57  Pylon  
  96  6:59  Pylon  
  96  7:00  Blink (Chrono Boost)  
  98  7:07  Disruptor (Chrono Boost)  
  98  7:12  Pylon  
  101  7:16  Pylon  
  101  7:20  Robotics Facility  
  101  7:28  Pylon  
  101  7:32  Pylon  
  101  7:35  Adept x3  
  101  7:36  Adept  
  109  7:37  Pylon  
  109  7:44  Stalker x2  
  111  7:47  Gateway  
  113  7:53  Pylon  
  113  8:00  Adept x3  
  113  8:01  Adept x3  
  123  8:09  Immortal (Chrono Boost)  
  121  8:15  Probe  
  121  8:17  Probe x2  
  115  8:28  Adept x3  
  115  8:29  Adept x3  
  123  8:40  Photon Cannon  
  123  8:41  Pylon  
  123  8:45  Adept  
  123  8:46  Adept  
  125  8:59  Adept x4  
Show
View Real Time Build Order
Export as new Build Order

Pure Protoss 

Build Orders:  

Get SALT Encoding   

  12  0:01  Probe (Chrono Boost)  
  13  0:11  Probe (Chrono Boost)  
  14  0:18  Pylon  
  14  0:21  Probe (Chrono Boost)  
  15  0:36  Probe (Chrono Boost), Gateway  
  16  0:43  Assimilator  
  16  0:46  Probe (Chrono Boost)  
  17  0:52  Assimilator  
  17  0:56  Probe (Chrono Boost)  
  18  1:07  Probe (Chrono Boost)  
  19  1:17  Probe (Chrono Boost)  
  20  1:23  Cybernetics Core  
  20  1:30  Probe (Chrono Boost)  
  20  1:32  Pylon  
  21  1:40  Probe (Chrono Boost)  
  22  1:58  Nexus  
  22  2:03  Mothership Core (Chrono Boost)  
  24  2:08  Warp Gate  
  24  2:15  Adept  
  26  2:25  Probe (Chrono Boost)  
  27  2:35  Probe (Chrono Boost)  
  28  2:45  Probe (Chrono Boost)  
  29  2:53  Robotics Facility  
  29  2:56  Sentry  
  31  3:02  Pylon  
  31  3:10  Probe x2 (Chrono Boost)  
  33  3:22  Probe x2 (Chrono Boost)  
  35  3:32  Probe (Chrono Boost)  
  35  3:35  Stalker, Probe (Chrono Boost)  
  38  3:42  Probe (Chrono Boost)  
  38  3:44  Observer  
  38  3:45  Probe (Chrono Boost)  
  41  3:52  Probe (Chrono Boost)  
  41  3:55  Probe (Chrono Boost)  
  37  4:03  Probe (Chrono Boost)  
  37  4:05  Probe (Chrono Boost)  
  37  4:08  Immortal (Chrono Boost)  
  41  4:13  Probe (Chrono Boost)  
  41  4:15  Probe (Chrono Boost)  
  42  4:22  Gateway  
  42  4:24  Probe x2 (Chrono Boost)  
  43  4:25  Pylon  
  43  4:30  Stalker  
  46  4:35  Probe  
  46  4:36  Probe  
  46  4:37  Twilight Council  
  48  4:47  Probe  
  48  4:49  Probe  
  48  4:52  Assimilator  
  50  4:55  Pylon x2  
  50  4:58  Observer (Chrono Boost)  
  50  4:59  Assimilator  
  51  5:05  Sentry  
  51  5:07  Probe  
  53  5:08  Probe  
  55  5:17  Warp Prism (Chrono Boost)  
  55  5:19  Templar Archives  
  57  5:21  Probe  
  57  5:23  Probe  
  57  5:28  Gateway  
  59  5:29  Gateway x2  
  59  5:31  Probe  
  60  5:41  Probe  
  60  5:42  Probe, Psionic Storm  
  61  5:56  High Templar x2  
  65  5:59  Immortal (Chrono Boost)  
  65  6:00  Probe  
  65  6:02  Probe  
  71  6:06  Gateway  
  71  6:15  Probe  
  71  6:16  Probe  
  73  6:22  Pylon  
  73  6:26  Probe  
  73  6:28  Probe  
  75  6:37  Warp Prism  
  77  6:41  Zealot x4  
  77  6:43  Probe  
  86  6:52  Pylon  
  86  6:54  Pylon  
  86  7:08  Probe  
  86  7:10  Probe  
  86  7:11  Adept x3  
  86  7:12  Adept x3  
  100  7:18  Probe  
  101  7:25  Probe  
  102  7:31  Pylon x2  
  102  7:32  Pylon  
  102  7:33  Pylon  
  102  7:43  Shield Upgrade (Chrono Boost)  
  102  7:47  Probe  
  102  7:49  Probe, Immortal  
  107  7:52  Adept x3  
  107  7:57  Probe  
  107  8:01  Probe  
  103  8:07  Probe  
  101  8:17  Adept  
  101  8:18  Adept x5  
  95  8:41  Adept x5  
  95  8:42  Adept  
  95  8:46  Probe  
  95  8:48  Probe  
Tags
 
Add a new tag
Caveats
  • Supply blocks, unpowered buildings, or Contaminate may cause inaccurate times.
  • Supply counts are checked every 10 seconds.